 Dungeon Crawl Stone Soup version 0.24-a0-654-g80d7c3d (webtiles) character file.

Game seed: 14781235937834433074, levelgen mode: deterministic

13098 oopp100 the Cleaver (level 11, -4/84 HPs)
             Began as a Demonspawn Fighter on Sept 27, 2019.
             Was an Initiate of Gozag.
             Killed by divine providence
             ... invoked by an orc priest
              (12 damage)
             ... on level 2 of the Orcish Mines.
             The game lasted 01:03:04 (12211 turns).

oopp100 the Cleaver (Demonspawn Fighter)           Turns: 12211, Time: 01:03:04

Health: -4/84      AC: 17    Str: 23    XL:     11   Next: 71%
Magic:  11/11      EV: 15    Int:  9    God:    Gozag
Gold:   1890       SH: 11    Dex: 18    Spells: 10/10 levels left

rFire    . . .     SeeInvis .   i - +7 broad axe "Uschocoro" {chop, +Inv}
rCold    + . .     Gourm    .   c - +0 shield
rNeg     + . .     Faith    .   g - +0 plate armour
rPois    .         Spirit   .   n - +2 helmet
rElec    .         Reflect  .   (no cloak)
rCorr    .         Harm     .   (no gloves)
MR       .....                  z - +0 pair of boots
Stlth    ..........             (no amulet)
HPRegen  0.24/turn              m - ring of positive energy
MPRegen  0.12/turn              j - +3 ring of strength

@: agile, gold aura
A: talons 2, repulsion field 2, cold resistance 1, demonic guardian 2, powered
by death 1
a: Potion Petition, Call Merchant, Bribe Branch, Renounce Religion, Evoke
Invisibility


You were on level 2 of the Orcish Mines.
You worshipped Gozag.
Gozag was most pleased with you.
You were not hungry.

You visited 3 branches of the dungeon, and saw 12 of its levels.
You also visited: Sewer.

You collected 3121 gold pieces.
You spent 1141 gold pieces at shops.
You paid 90 gold pieces to Gozag.

Inventory:

Hand Weapons
 d - a +0 war axe
 i - the +7 broad axe "Uschocoro" (weapon) {chop, +Inv}
   (You acquired it on level 9 of the Dungeon)

   It inflicts extra damage upon your enemies.
   It lets you turn invisible.
 o - the +0 whip "Imaak" {flame, -Tele rC+ rN+ Int+3}
   (You found it on level 6 of the Dungeon)

   It has been specially enchanted to burn those struck by it, causing extra
   injury to most foes and up to half again as much damage against particularly
   susceptible opponents.
   It affects your intelligence (+3).
   It protects you from cold.
   It protects you from negative energy.
   It prevents most forms of teleportation.
 M - a +1 battleaxe of draining
Armour
 b - a +0 scale mail
 c - a +0 shield (worn)
 g - a +0 plate armour (worn)
 n - a +2 helmet (worn)
 q - a +0 pair of gloves
 z - a +0 pair of boots (worn)
Jewellery
 j - a +3 ring of strength (right hand)
 m - a ring of positive energy (left hand)
 p - a +3 ring of dexterity
Wands
 y - a wand of polymorph (9)
 L - a wand of enslavement (22)
Scrolls
 a - a scroll of amnesia
 e - a scroll of teleportation
 h - a scroll of magic mapping
 k - 9 scrolls of remove curse
 r - 4 scrolls of blinking
 E - a scroll of random uselessness {unknown}
 F - a scroll of enchant armour {unknown}
 G - a scroll of noise {unknown}
Potions
 l - a potion of invisibility {unknown}
 s - a potion of agility
 u - a potion of berserk rage {unknown}
 w - 2 potions of heal wounds {unknown}
 A - 4 potions of brilliance
 B - a potion of cancellation {unknown}
 D - a potion of curing
 J - a potion of mutation {unknown}
Comestibles
 f - 5 rations


   Skills:
 + Level 7.0 Fighting
 * Level 13.3(13.4) Axes
 - Level 3.0(9.3) Maces & Flails
 + Level 6.7 Armour
 + Level 3.6 Dodging
 - Level 5.1 Shields


You had 10 spell levels left.
You didn't know any spells.
Your spell library contained the following spells:

 Spells                   Type           Power        Failure   Level  Hunger
 Magic Dart               Conj           #...         100%        1    ##.....
 Searing Ray              Conj           #.....       100%        2    ###....
 Dazzling Spray           Conj/Hex       #.....       100%        3    ####...
 Force Lance              Conj/Tloc      #.......     100%        4    #####..
 Fulminant Prism          Conj/Hex       #.........   100%        4    #####..
 Iskenderun's Mystic Bla  Conj           #.......     100%        4    #####..


Dungeon Overview and Level Annotations

Branches:
Dungeon (9/15)             Temple (1/1) D:5            Lair (0/6) D:9
    Orc (2/2) D:9             Elf (0/3) Orc:2         Sewer (visited)

Altars:
Ashenzari
Cheibriados
Dithmenos
Elyvilon
Fedhas
Gozag
Hepliaklqana
Kikubaaqudgha
Makhleb
Nemelex Xobeh
Okawaru
Qazlal
Ru
Sif Muna
Trog
Uskayaw
Vehumet
Wu Jian
Xom
Yredelemnul
Zin
The Shining One
Beogh

Shops:
D:7 *   D:9 *


Innate Abilities, Weirdness & Mutations

You have razor-sharp toenails.
You are surrounded by a moderate repulsion field. (EV +3)
Your flesh is cold resistant. (rC+)
A demonic guardian rushes to your aid.
You regenerate a little health from kills.


Message History

You convulse.
* * * LOW HITPOINT WARNING * * *
The orc knight roars a battlecry!
The orc knight goes into a battle-frenzy!
You hear a shout!
Your soul eater hits the orc warrior!
The orc warrior hits your soul eater with a +1 mace of holy wrath!
Your soul eater convulses.
Your soul eater hits the orc warrior!
The orc warrior dies!
Things that are here:
7 gold pieces; a +0 flail; a +0 ring mail
Things that are here:
7 gold pieces; a +0 dagger; a +0 robe You feel agile all of a sudden.
The orc knight hits your soul eater with a +0 battleaxe!
Your soul eater hits the orc knight!!
The orc priest mumbles some strange prayers to Beogh against you.
Beogh smites you!
You die...
Your body crumbles into a pile of gold.

##.#...$..#..#....
##......#$$.).##...
#.......).[#.^.....
..#.......#.###.##...
........)..## ## ..
#.###...$..# .
###...)...#
##.........#
##...@......#
##..o3$####### #
#...o### ## #.oo## #.
#...## ###. ##.$.#
##.#. #..o..÷.o÷
#..<. ##.÷.÷..☼.
#.... ##...÷.o. #....


You could see 2 orc knights, an orc high priest, an orc priest and a friendly
soul eater.

Vanquished Creatures
  An orc warlord (Orc:2)
  2 orc high priests (Orc:2)
  An orc knight (Orc:2)
  2 orc sorcerers (Orc:2)
  A gargoyle (D:8)
  2 trolls
  Grinder (D:3)
  3 hippogriffs
  A warg (Orc:2)
  2 ice beasts
  2 sky beasts
  19 orc warriors
  4 black bears
  4 centaurs
  3 ogres
  A wolf (D:9)
  2 phantoms
  A big kobold (D:9)
  Blork the orc (D:6)
  6 bullfrogs
  A scorpion (D:6)
  An electric eel (D:9)
  7 crimson imps
  A howler monkey (D:5)
  6 hounds
  A quasit (D:8)
  2 bullfrog zombies
  A bullfrog skeleton (D:6)
  11 orc priests
  10 orc wizards
  Jessica (D:3)
  A centaur skeleton (D:4)
  Terence (D:3)
  Natasha (D:2)
  2 iguanas (D:4)
  5 worker ants
  A hound skeleton (D:8)
  Robin (D:3)
  13 adders
  3 gnolls (D:2)
  A howler monkey skeleton (D:4)
  3 shadow imps
  8 oozes (Sewer)
  2 adder skeletons
  4 worms
  A dart slug (D:1)
  17 leopard geckos
  59 orcs
  10 ball pythons (Sewer)
  15 giant cockroaches
  8 hobgoblins
  8 jackals
  11 kobolds
  3 quokkas
  4 bats
  19 frilled lizards
  A giant cockroach zombie (D:5)
  19 goblins
  11 rats
333 creatures vanquished.

Vanquished Creatures (collateral kills)
  Harold (D:7)
  2 two-headed ogres (D:9)
  An orc knight (Orc:2)
  A troll (D:9)
  A warg (Orc:1)
  7 orc warriors
  A sky beast (D:7)
  A necrophage (D:6)
  An ogre (D:6)
  2 ice beasts
  5 wolves (D:9)
  A centaur (D:8)
  A bullfrog (D:6)
  A water moccasin zombie (D:5)
  A wight (D:7)
  An electric eel (D:9)
  2 orc priests
  A bullfrog zombie (D:5)
  A jelly (D:7)
  2 hounds
  Crazy Yiuf (D:2)
  7 orc wizards
  2 worker ants
  A gnoll (D:2)
  17 orcs
  A kobold (D:9)
63 creatures vanquished.

Grand Total: 396 creatures vanquished

Notes
Turn   | Place    | Note
-------+----------+-------------------------------------------
     0 | D:1      | oopp100 the Demonspawn Fighter began the quest for the Orb.
     0 | D:1      | Reached XP level 1. HP: 18/18 MP: 1/1
   120 | D:1      | Gained mutation: You have sharp toenails. [demonic
                  | ancestry]
   120 | D:1      | Reached XP level 2. HP: 21/24 MP: 2/2
   484 | D:2      | Gained mutation: A weak demonic guardian rushes to your
                  | aid. [demonic ancestry]
   484 | D:2      | Reached XP level 3. HP: 25/29 MP: 3/3
   730 | D:2      | Found a runed translucent door.
   731 | D:2      | Noticed Crazy Yiuf
   739 | D:2      | Killed Crazy Yiuf
   739 | D:2      | Gained mutation: You are surrounded by a mild repulsion
                  | field. (EV +2) [demonic ancestry]
   739 | D:2      | Reached XP level 4. HP: 17/35 MP: 4/4
  1948 | D:2      | Noticed Natasha
  1952 | D:2      | Killed Natasha
  1952 | D:2      | Gained mutation: You are surrounded by a moderate repulsion
                  | field. (EV +3) [demonic ancestry]
  1952 | D:2      | Reached XP level 5. HP: 41/41 MP: 5/5
  2155 | D:3      | Noticed Robin
  2171 | D:3      | Killed Robin
  2385 | D:3      | Noticed Grinder
  2400 | D:3      | Killed Grinder
  2400 | D:3      | Reached skill level 2 in Axes
  2400 | D:3      | Reached skill level 1 in Dodging
  2400 | D:3      | Gained mutation: You have razor-sharp toenails. [demonic
                  | ancestry]
  2400 | D:3      | Reached XP level 6. HP: 48/48 MP: 6/6
  2401 | D:3      | Noticed Jessica
  2407 | D:3      | Killed Jessica
  2479 | D:3      | Reached skill level 3 in Axes
  2524 | D:3      | Found a glowing drain.
  2525 | D:3      | Noticed Terence
  2535 | D:3      | Killed Terence
  2591 | Sewer    | Entered a sewer
  2695 | Sewer    | Reached XP level 7. HP: 54/54 MP: 7/7
  3660 | D:4      | Reached skill level 4 in Axes
  4102 | D:4      | Found an opulent altar of Gozag.
  4102 | D:4      | Found a sparkling altar of Nemelex Xobeh.
  4122 | D:4      | Became a worshipper of Gozag Ym Sagoz the Greedy
  4387 | D:5      | Entered Level 5 of the Dungeon
  4453 | D:5      | Reached skill level 5 in Axes
  4453 | D:5      | Gained mutation: A demonic guardian rushes to your aid.
                  | [demonic ancestry]
  4453 | D:5      | Reached XP level 8. HP: 41/60 MP: 8/8
  4485 | D:5      | Got a transparent buckler
  4522 | D:5      | Found a snail-covered altar of Cheibriados.
  5000 | D:5      | Reached skill level 6 in Axes
  5080 | D:5      | Found a shimmering blue altar of Sif Muna.
  5080 | D:5      | Found a shadowy altar of Dithmenos.
  5088 | D:5      | Found a hazy altar of Hepliaklqana.
  5091 | D:5      | Found a shattered altar of Ashenzari.
  5096 | D:5      | Found a sacrificial altar of Ru.
  5176 | D:5      | Found a staircase to the Ecumenical Temple.
  5287 | Temple   | Entered the Ecumenical Temple
  5565 | D:6      | Noticed Blork the orc
  5575 | D:6      | Killed Blork the orc
  5911 | D:6      | Reached skill level 7 in Axes
  5911 | D:6      | Reached skill level 5 in Shields
  6048 | D:6      | Got an ichor-stained whip
  6049 | D:6      | Identified the cursed +0 whip "Imaak" {flame, -Tele rC+ rN+
                  | Int+3} (You found it on level 6 of the Dungeon)
  6178 | D:6      | Gained mutation: Your flesh is cold resistant. (rC+)
                  | [demonic ancestry]
  6178 | D:6      | Reached XP level 9. HP: 59/66 MP: 9/9
  6821 | D:7      | Found Isogu's General Store.
  6825 | D:7      | Bought a scroll of brand weapon for 280 gold pieces
  6868 | D:7      | Reached skill level 5 in Armour
  7171 | D:7      | Reached skill level 5 in Fighting
  7178 | D:7      | Noticed Harold
  7183 | D:7      | Reached skill level 8 in Axes
  7186 | D:7      | Killed Harold
  7735 | D:8      | Reached skill level 9 in Axes
  8120 | D:8      | Reached XP level 10. HP: 54/74 MP: 10/10
  8251 | D:8      | Noticed a gargoyle
  8271 | D:8      | Killed a gargoyle
  8271 | D:8      | Reached skill level 10 in Axes
  8882 | D:9      | Noticed a two-headed ogre
  8892 | D:9      | Killed a two-headed ogre
  8946 | D:9      | Found a staircase to the Lair.
  9556 | D:9      | Reached skill level 11 in Axes
 10135 | D:9      | Found a staircase to the Orcish Mines.
 10226 | D:9      | Found Leummum's General Store.
 10239 | D:9      | Bought a ration for 70 gold pieces
 10239 | D:9      | Bought a scroll of acquirement for 728 gold pieces
 10239 | D:9      | Bought a +0 pair of gloves for 63 gold pieces
 10243 | D:9      | Got a brightly glowing broad axe
 10245 | D:9      | Identified the +7 broad axe "Uschocoro" {chop, +Inv} (You
                  | acquired it on level 9 of the Dungeon)
 10396 | D:9      | Noticed a two-headed ogre
 10404 | D:9      | Killed a two-headed ogre
 10861 | Orc:1    | Entered Level 1 of the Orcish Mines
 10907 | Orc:1    | Gained mutation: You regenerate a little health from kills.
                  | [demonic ancestry]
 10907 | Orc:1    | Reached XP level 11. HP: 41/82 MP: 11/11
 11545 | Orc:2    | Entered Level 2 of the Orcish Mines
 11596 | Orc:2    | Reached skill level 12 in Axes
 11605 | Orc:2    | Noticed an orc warlord
 11628 | Orc:2    | Killed an orc warlord
 11837 | Orc:2    | Found a staircase to the Elven Halls.
 11845 | Orc:2    | Found a roughly hewn altar of Beogh.
 11881 | Orc:2    | Noticed an orc knight
 11920 | Orc:2    | Killed an orc knight
 12074 | Orc:2    | Noticed an orc knight
 12085 | Orc:2    | Killed an orc knight
 12164 | Orc:2    | Noticed an orc high priest
 12170 | Orc:2    | Noticed a sixfirhy
 12179 | Orc:2    | Killed an orc high priest
 12184 | Orc:2    | Reached skill level 13 in Axes
 12185 | Orc:2    | Noticed an orc high priest
 12188 | Orc:2    | Noticed an orc sorcerer
 12190 | Orc:2    | Killed an orc high priest
 12193 | Orc:2    | Noticed an orc sorcerer
 12194 | Orc:2    | Killed an orc sorcerer
 12196 | Orc:2    | Noticed an orc high priest
 12196 | Orc:2    | Noticed an orc knight
 12197 | Orc:2    | Killed an orc sorcerer
 12199 | Orc:2    | Noticed an orc knight
 12211 | Orc:2    | Killed from afar by an orc priest

Levels and vault maps discovered:
D:1:      lemuel_arrival_cross, layout_rooms
D:2:      layout_loops_corners, uniq_natasha, uniq_crazy_yiuf_cottage
D:3:      layout_loops_corners, cheibrodos_sewer_entry_sluice,
          kennysheep_generic_room_15, uniq_jessica, uniq_robin, uniq_terence,
          uniq_grinder
D:4:      layout_basic, grunt_temple_overflow_opulence, first_ration
D:5:      minmay_diamond_boxcup, layout_cave_pools, kennysheep_mini_moat,
          chequers_temple_overflow_minitemple, temple_doors_e
D:6:      layout_basic, uniq_blork_the_orc
D:7:      layout_loops_ring, serial_shops, shop, minmay_quadrilaterals,
          uniq_harold
D:8:      layout_cave_pools
D:9:      layout_irregular_city, erik_lair_island, david_orc_4, serial_shops,
          nicolae_shop_trees
Temple:   nicolae_temple_great_sept
Orc:1:    layout_caves, serial_shops
Orc:2:    grunt_orc_tribal_feast, layout_diamond_mine, basic_altar

Skill      XL: |  1  2  3  4  5  6  7  8  9 10 11 |
---------------+----------------------------------+-----
Armour         | 3 4 5 6 |  6.7
Maces & Flails | 2 3 |  3.0
Shields        | 3 4 5 |  5.1
Axes           | 2 3 5 7 9 11 13 | 13.3
Dodging        | 1 2 3 |  3.6
Fighting       | 4 5 6 7 |  7.0

Action                   |  1- 3 |  4- 6 |  7- 9 | 10-12 || total
-------------------------+-------+-------+-------+-------++-------
Melee: Flail             |    81 |     7 |       |       ||    88
       Kick              |     7 |    30 |    13 |       ||    50
       Whip              |       |    36 |    17 |       ||    53
       War axe           |       |   132 |   523 |       ||   655
       Battleaxe         |       |       |   138 |   110 ||   248
       Broad axe         |       |       |       |   149 ||   149
  Use: Scroll            |     2 |       |    10 |     6 ||    18
       Potion            |       |     1 |     4 |     9 ||    14
 Stab: Distracted        |       |       |       |     2 ||     2
  Eat: Ration            |       |     1 |     6 |     4 ||    11
       Chunk             |       |     2 |       |       ||     2
Armor: Scale mail        |    43 |    70 |   300 |    60 ||   473
       Skin              |       |       |       |    17 ||    17
       Plate armour      |       |       |       |    42 ||    42
Dodge: Dodged            |    19 |    80 |   397 |   167 ||   663
Block: Shield            |    43 |    96 |   311 |    55 ||   505

Table legend:
 A = Non-vault XP
 B = Vault XP
 C = Vault XP percentage of total XP
 D = Non-vault monster count
 E = Vault monster count
 F = Vault count percentage of total count
                 A         B        C        D         E       F
            +---------+---------+-------+---------+---------+-------
      Total |   11690 |    7022 |  37.5 |     267 |     129 |  32.6
            +---------+---------+-------+---------+---------+-------
        D:1 |      31 |       0 |   0.0 |      20 |       0 |   0.0
        D:2 |     137 |      60 |  30.5 |      26 |       2 |   7.1
        D:3 |     118 |     415 |  77.9 |      21 |      18 |  46.2
        D:4 |     204 |       0 |   0.0 |      20 |       0 |   0.0
        D:5 |     557 |     159 |  22.2 |      13 |       6 |  31.6
        D:6 |     913 |      91 |   9.1 |      19 |       1 |   5.0
        D:7 |     677 |     661 |  49.4 |      23 |       5 |  17.9
        D:8 |    1830 |       0 |   0.0 |      37 |       0 |   0.0
        D:9 |    3114 |    1135 |  26.7 |      35 |      23 |  39.7
      Orc:1 |    1596 |       0 |   0.0 |      23 |       0 |   0.0
      Orc:2 |    2513 |    4250 |  62.8 |      30 |      24 |  44.4
      Sewer |       0 |     251 | 100.0 |       0 |      50 | 100.0
            +---------+---------+-------+---------+---------+-------
